 Dungeon Crawl Stone Soup version 0.29.0-15-g675c0067aa (webtiles) character file.

Game seed: 11209764840710570636

42 qw the Chopper (level 3, -7/23 HPs)
             Began as a Gargoyle Fighter on Sept 12, 2022.
             Killed by divine providence
             ... invoked by an orc priest
              (9 damage)
             ... on level 3 of the Dungeon.
             The game lasted 00:00:29 (1684 turns).

qw the Chopper (Gargoyle Fighter)                   Turns: 1684, Time: 00:00:29

Health: -7/23      AC: 14    Str: 20    XL:     3   Next: 54%
Magic:  3/3        EV:  5    Int:  7    God:
Gold:   123        SH:  4    Dex: 13    Spells: 2/2 levels left

rFire   . . .      SeeInvis .   Y - +1 war axe
rCold   . . .      Faith    .   c - +0 buckler
rNeg    + . .      Spirit   .   o - +0 plate armour
rPois   inf        Reflect  .   (no helmet)
rElec   +          Harm     .   (no cloak)
rCorr   .          Rampage  .   (no gloves)
Will    .....                   (no boots)
Stlth   ..........              (no amulet)
HPRegen 0.07/turn               (no ring)
MPRegen 0.08/turn               (no ring)

@: no status effects
A: sickness immunity, AC +3, negative energy resistance 1, electricity
resistance, torment resistance 1, petrification resistance, agile 1
a: no special abilities


You were on level 3 of the Dungeon.
You visited 1 branch of the dungeon, and saw 3 of its levels.

You collected 123 gold pieces.


Innate Abilities, Weirdness & Mutations

You are immune to sickness and miasma.
Your stone body is resilient. (AC +3)
You are immune to poison.
You resist negative energy. (rN+)
You are resistant to electric shocks. (rElec)
You are resistant to unholy torment.
You are immune to petrification.
You are agile. (Dex +4, Str/Int -1)


   Skills:
 - Level 3.2 Fighting
 + Level 3.3 Axes
 - Level 0.7 Throwing
 - Level 3.2 Armour
 - Level 3.2 Shields


You had 2 spell levels left.
You didn't know any spells.
Your spell library was empty.

Inventory:

Hand Weapons
 m - a +0 mace
 Y - a +1 war axe (weapon)
Missiles
 b - 5 boomerangs (quivered)
Armour
 c - a +0 buckler (worn)
 o - a +0 plate armour (worn)
Scrolls
 e - 2 scrolls of identify {unknown}
Potions
 a - a potion of attraction {unknown}
 d - a potion of might
 f - a potion of brilliance {unknown}
 g - a potion of lignification {unknown}
 h - a potion of magic {unknown}
 k - a potion of curing

Dungeon Overview and Level Annotations

Branches:
Dungeon (3/15)

Altars:

Shops:
D:1 !


Message History

Beogh smites you!
Ouch! That really hurt!
You hit the orc priest.
The orc priest is lightly wounded.
You barely miss the orc. x2
The orc barely misses you. The orc hits you but does no damage.
The orc priest invokes the aid of Beogh against you.
Pain shoots through your body!
An orc comes into view. It is wielding a +1 vorpal hand axe.
You closely miss the orc priest.
The orc priest is lightly wounded.
You slash the orc!
You kill the orc!
You hit the orc. You block the orc's attack.
The orc priest mumbles some strange prayers to Beogh against you.
Pain shoots through your body!
The ball python bites you but does no damage.
The ball python grabs you. The ball python constricts you.
The orc hits you with a +0 flail.
The orc priest hits you but does no damage.
You barely miss the ball python. You slash the orc priest! You hit the orc.
You kill the orc!
The ball python bites you but does no damage.
The ball python constricts you.
The orc priest hits you but does no damage.
The ball python bites you but does no damage.
The ball python constricts you.
You hit the ball python.
You kill the ball python!
You barely miss the orc priest. You block the orc priest's attack.
The orc priest hits you but does no damage.
The orc hits you but does no damage.
You closely miss the orc priest.
The orc priest is severely wounded.
You hit the orc.
The orc priest invokes the aid of Beogh against you.
Beogh smites you!
You die...

!.##.# #. ..#.##
?..####.### ...!.
......<...## ...# #...
....... #..# #..# ...##
#..# #..# #.##
.#.####o.####..# #...
[..(..o@.(...>.######..#
...####)............#..#
#.........###.#..#
.......##.#.###.....
####.#.##...........
#.#.##########..# #.#.#
#... #.... ##.# #. ..


You could see an orc priest and an orc.

Vanquished Creatures
  A worm (D:2)
  A dart slug (D:1)
  2 orcs (D:3)
  An endoplasm (D:3)
  A giant cockroach (D:1)
  5 hobgoblins
  2 quokkas (D:1)
  4 ball pythons
  5 bats
  A frilled lizard (D:2)
  5 goblins
  A kobold (D:2)
  6 rats
35 creatures vanquished.

Notes
Turn   | Place    | Note
-------+----------+-------------------------------------------
     0 | D:1      | qw the Gargoyle Fighter began the quest for the Orb.
     0 | D:1      | Reached XP level 1. HP: 14/14 MP: 1/1
     0 | D:1      | 0 ||| qw: Version: 0.1-a-119-g272c26d
     0 | D:1      | 0 ||| qw: Game counter: 10796
     0 | D:1      | 0 ||| qw: Always use a shield: true
     0 | D:1      | 0 ||| qw: God list: Okawaru
     0 | D:1      | 0 ||| qw: Allow faded altars: false
     0 | D:1      | 0 ||| qw: Do Orc after D:15 true
     0 | D:1      | 0 ||| qw: Do second Lair branch before Depths: true
     0 | D:1      | 0 ||| qw: Lair rune preference: random
     0 | D:1      | 0 ||| qw: Plans: Normal, Zot, God:TSO, Crypt, Tomb, Pan,
                  | Slime, Hells, Zig, Abyss, Orb
     0 | D:1      | 0 ||| PLANNING D:1-11
    50 | D:1      | Found Papn's Distillery.
    62 | D:1      | 62 ||| SHOPLISTING potion of curing (30 gold, have 0).
    62 | D:1      | 62 ||| SHOPLISTING potion of haste (100 gold, have 0).
    62 | D:1      | 62 ||| SHOPLISTING potion of lignification (30 gold, have
                  | 0).
    62 | D:1      | 62 ||| SHOPLISTING potion of might (40 gold, have 0).
    62 | D:1      | 62 ||| SHOPLISTING potion of resistance (100 gold, have 0).
   407 | D:1      | Found a faded altar of an unknown god.
   420 | D:1      | Reached XP level 2. HP: 19/19 MP: 2/2
   504 | D:1      | 504 ||| DROPPING +0 club.
   621 | D:1      | 621 ||| READING scroll labelled QOAFRI BARA.
   622 | D:1      | 622 ||| READING scroll labelled ONWEKHL REBRE.
   623 | D:1      | 623 ||| READING 2 scrolls labelled MACUCUV YRROBB.
   624 | D:1      | 624 ||| DRINKING 2 ruby potions.
   624 | D:1      | Gained mutation: You do not regenerate when monsters are
                  | visible. [potion of mutation]
   624 | D:1      | Gained mutation: You have a pair of small horns on your
                  | head. [potion of mutation]
   625 | D:1      | 625 ||| DRINKING potion of mutation.
   625 | D:1      | Lost mutation: You have a pair of small horns on your head.
                  | [potion of mutation]
   625 | D:1      | Lost mutation: You do not regenerate when monsters are
                  | visible. [potion of mutation]
   625 | D:1      | Gained mutation: You are agile. (Dex +4, Str/Int -1)
                  | [potion of mutation]
   626 | D:1      | 626 ||| DROPPING scroll of magic mapping.
   695 | D:2      | 695 ||| Stepping ~*~*~tactically~*~*~ (stealth).
   696 | D:2      | 696 ||| Stepping ~*~*~tactically~*~*~ (stealth).
   726 | D:2      | 726 ||| Stepping ~*~*~tactically~*~*~ (stealth).
   874 | D:2      | 874 ||| Stepping ~*~*~tactically~*~*~ (stealth).
   877 | D:2      | Reached skill level 3 in Axes
   879 | D:2      | Reached XP level 3. HP: 23/23 MP: 3/3
  1200 | D:2      | 1200 ||| DROPPING +2 vorpal hand axe.
  1394 | D:2      | 1394 ||| UPGRADING to +0 chain mail.
  1404 | D:2      | 1404 ||| DROPPING +0 scale mail.
  1405 | D:2      | 1405 ||| UPGRADING to +0 plate armour.
  1415 | D:2      | 1415 ||| DROPPING +0 chain mail.
  1416 | D:2      | 1416 ||| DROPPING amulet of faith.
  1417 | D:2      | 1417 ||| DROPPING ring of flight.
  1418 | D:2      | 1418 ||| READING scroll labelled XICAOH ENKIOX.
  1419 | D:2      | 1419 ||| READING scroll labelled LILLAI ZOUDERA.
  1420 | D:2      | 1420 ||| READING scroll labelled NOGEDUH ENACHI.
  1521 | D:2      | 1521 ||| DRINKING 2 brown potions.
  1680 | D:3      | HP: 5/23 [orc priest/nerve-wracking pain (3)]
  1681 | D:3      | HP: 2/23 [orc/+0 flail (2)]
  1684 | D:3      | Killed from afar by an orc priest

Levels and vault maps discovered:
D:1:      scummos_arrival_simple_fountains, layout_loops_cross, serial_shops,
          shop, ebering_ecumenical_altar_sacrificial
D:2:      layout_basic, minmay_vboxes
D:3:      layout_loops_ring

Skill      XL: |  1  2 |
---------------+-------+-----
Axes           | 2 3 |  3.3
Fighting       | |  3.2
Throwing       | |  0.7
Armour         | |  3.2
Shields        | |  3.2

Action                   || total
-------------------------++-------
Melee: War axe           ||    55
Throw: Javelin           ||    26
       Boomerang         ||     1
  Use: Scroll            ||     6
       Potion            ||     3
Armor: Scale mail        ||    24
       Plate armour      ||     9
Dodge: Dodged            ||    24
Block: Buckler           ||    12

Table legend:
 A = Non-vault XP
 B = Vault XP
 C = Vault XP percentage of total XP
 D = Non-vault monster count
 E = Vault monster count
 F = Vault count percentage of total count
                 A         B        C        D         E       F
            +---------+---------+-------+---------+---------+-------
      Total |      51 |       9 |  15.0 |      30 |       5 |  14.3
            +---------+---------+-------+---------+---------+-------
        D:1 |      22 |       0 |   0.0 |      14 |       0 |   0.0
        D:2 |      19 |       9 |  32.1 |      11 |       5 |  31.2
        D:3 |      10 |       0 |   0.0 |       5 |       0 |   0.0
            +---------+---------+-------+---------+---------+-------
